 Dungeon Crawl Stone Soup version 0.12.2-17-gc4a24d1 (webtiles) character file.

976 Gabry the Covered (level 7, -5/60 HPs)
             Began as a Minotaur Fighter on Aug 13, 2013.
             Slain by a centaur (7 damage)
             ... on Level 5 of the Dungeon on Aug 16, 2013.
             The game lasted 00:21:25 (3694 turns).

Gabry the Covered (Minotaur Fighter)                Turns: 3694, Time: 00:21:25

HP  -5/60        AC  9     Str 20      XL: 7   Next: 59%
MP   2/2         EV  6     Int  5      God:
Gold 176         SH 20     Dex 12      Spells:  0 memorised,  6 levels left

Res.Fire  : . . .   See Invis. : .   a - +0 mace
Res.Cold  : . . .   Warding    : .   b - +0 scale mail
Life Prot.: . . .   Conserve   : .   c - +0 shield
Res.Poison: .       Res.Corr.  : .   (helmet restricted)
Res.Elec. : .       Clarity    : .   t - +0 cloak
Sust.Abil.: . .     Spirit.Shd : .   (no gloves)
Res.Mut.  : .       Stasis     : .   (no boots)
Res.Rott. : .       Ctrl.Telep.: .   q - amulet of faith
Saprovore : . . .   Flight     : .   (no ring)
                                     (no ring)

@: slightly resistant to hostile enchantments, extremely unstealthy
A: retaliatory headbutt, horns 2
a: no special abilities


You were on level 5 of the Dungeon.
You were not hungry.

You visited 1 branch of the dungeon, and saw 5 of its levels.

You collected 156 gold pieces.

Inventory:

Hand weapons
 a - a +0,+0 mace (weapon)
 f - a +2,+1 elven spear (quivered)
 l - a +2,+0 elven dagger
Armour
 b - a +0 scale mail (worn)
 c - a +0 shield (worn)
 t - a +0 cloak (worn)
 v - a +0 elven leather armour
 C - a +2 elven scale mail
Magical devices
 m - a wand of draining (7) {unknown}
 s - a wand of enslavement (11) {unknown}
 w - a wand of digging (20) {unknown}
 z - a wand of magic darts (9) {unknown}
Comestibles
 d - 4 bread rations
 A - a choko
Scrolls
 e - 2 scrolls of remove curse
 i - 3 scrolls of teleportation
 j - 2 scrolls of identify
 k - a scroll of blinking
 n - a scroll of fog {unknown}
 y - a scroll of recharging {unknown}
 D - a scroll of summoning {unknown}
Jewellery
 q - an amulet of faith (around neck)
Potions
 g - 2 potions of agility {unknown}
 h - a potion of heal wounds
 o - a potion of might {unknown}
 p - a potion of berserk rage {unknown}
 r - 4 potions of curing {unknown}
 x - a potion of cure mutation {unknown}


   Skills:
 + Level 4.7 Fighting
 + Level 4.4 Maces & Flails
 + Level 6.8 Armour
 + Level 3.8 Dodging
 + Level 5.8 Shields
 + Level 1.0 Traps


You had 6 spell levels left.
You didn't know any spells.

Dungeon Overview and Level Annotations

Branches:
Dungeon (5/27)
 Temple: D:4-7

Altars:
Fedhas
Makhleb
Trog

Portals:
Ziggurat: D:4 (3740 gp)

Annotations
D:5 Pikel


Innate Abilities, Weirdness & Mutations

You reflexively headbutt those who attack you in melee.
You have a pair of horns on your head.


Message History

The centaur wields a bow.
The centaur shoots an arrow.
You block the arrow.
The centaur shoots an arrow.
The arrow misses you.
The centaur shoots an arrow.
The arrow misses you.
You see here an arrow.
The centaur unwields an uncursed bow.
You block the centaur's attack.
You see here an arrow.
You sock the centaur! You headbutt the centaur.
The centaur is moderately wounded.
The centaur hits you but does no damage.
The centaur hits you.
* * * LOW HITPOINT WARNING * * *
You hit the centaur. Your headbutt misses the centaur.
The centaur is severely wounded.
The centaur hits you but does no damage.
The centaur hits you.
* * * LOW HITPOINT WARNING * * *
You hit the centaur.
The centaur is almost dead.
The centaur hits you!
You die...

#.# #.# ## #.# #.
#.# #. #.# #. #.#
#. #.
##c#########.
#..@(.......#
........(########.
#####...# #####


You could see a centaur.

Vanquished Creatures
  Menkaure (D:4)
  2 sky beasts (D:5)
  A centaur skeleton (D:4)
  A crimson imp (D:5)
  A hound (D:4)
  Crazy Yiuf (D:3)
  4 worker ants
  2 orc wizards (D:5)
  An iguana (D:5)
  Ijyb (D:3)
  An iguana zombie (D:5)
  8 adders
  A worm (D:3)
  2 giant geckos
  3 orcs (D:5)
  6 bats
  4 giant cockroaches
  19 goblins
  12 hobgoblins
  9 jackals
  6 giant newts
  A jackal skeleton (D:4)
  6 kobolds
  2 orc skeletons (D:4)
  3 quokkas
  6 rats
104 creatures vanquished.

Notes
Turn   | Place    | Note
--------------------------------------------------------------
     0 | D:1      | Gabry, the Minotaur Fighter, began the quest for the Orb.
     0 | D:1      | Reached XP level 1. HP: 19/19 MP: 0/0
   246 | D:1      | Upgraded the game from 0.12.2-15-gdabe59b to 0.12.2-17-gc4a24d1
   252 | D:1      | Reached XP level 2. HP: 24/26 MP: 0/0
   422 | D:1      | Reached skill level 4 in Fighting
   756 | D:2      | Reached XP level 3. HP: 26/33 MP: 1/1
  1099 | D:2      | Reached XP level 4. HP: 37/40 MP: 1/1
  1121 | D:2      | Reached skill level 1 in Dodging
  1460 | D:3      | Noticed Crazy Yiuf
  1470 | D:3      | Killed Crazy Yiuf
  1470 | D:3      | Reached skill level 5 in Armour
  1470 | D:3      | Reached XP level 5. HP: 16/46 MP: 1/1
  1704 | D:3      | Found a blossoming altar of Fedhas.
  1811 | D:3      | Noticed Ijyb
  1837 | D:3      | Killed Ijyb
  2423 | D:4      | Noticed Menkaure
  2433 | D:4      | Killed Menkaure
  2433 | D:4      | Reached XP level 6. HP: 29/53 MP: 2/2
  2567 | D:4      | Noticed an angel
  2568 | D:4      | Found a gateway to a ziggurat.
  2652 | D:4      | Reached skill level 6 in Armour
  2725 | D:4      | Found a bloodstained altar of Trog.
  2860 | D:4      | Reached skill level 5 in Shields
  2940 | D:5      | Entered Level 5 of the Dungeon
  3200 | D:5      | Reached skill level 1 in Traps
  3200 | D:5      | Reached XP level 7. HP: 15/59 MP: 2/2
  3398 | D:5      | Found a burning altar of Makhleb.
  3605 | D:5      | Noticed Pikel
  3613 | D:5      | HP: 2/60 [Pikel/whip of electrocution (11)]
  3693 | D:5      | HP: 2/60 [centaur (5)]
  3694 | D:5      | Slain by a centaur

Action                   |  1- 3 |  4- 6 |  7- 9 || total
-------------------------+-------+-------+-------++-------
Melee: Mace              |    81 |   192 |    68 ||   341
  Use: Scroll            |     2 |     8 |     1 ||    11
       Potion            |       |     2 |     1 ||     3
